 Dungeon Crawl Stone Soup version 0.24.0-13-gcf9b3192b9 (webtiles) character file.

Game seed: 11640850177529369452, levelgen mode: deterministic

314 Delamore the Cleaver (level 6, 0/51 HPs)
             Began as a Hill Orc Fighter on Nov 9, 2019.
             Was a Priest of Cheibriados.
             Succumbed to a gnoll's poison
             ... on level 4 of the Dungeon.
             The game lasted 00:07:42 (2532 turns).

Delamore the Cleaver (Hill Orc Fighter)             Turns: 2532, Time: 00:07:43

Health: 0/51       AC:  6    Str: 26 (28) XL:     6   Next: 43%
Magic:  6/6        EV:  7    Int: 13 (15) God:    Cheibriados [***...]
Gold:   167        SH: 10    Dex: 14 (17) Spells: 5/5 levels left

rFire    . . .     SeeInvis .   a - +0 war axe
rCold    . . .     Gourm    .   c - +0 shield
rNeg     . . .     Faith    .   b - +0 scale mail
rPois    .         Spirit   .   (no helmet)
rElec    .         Reflect  .   (no cloak)
rCorr    .         Harm     .   (no gloves)
MR       .....                  (no boots)
Stlth    ..........             (no amulet)
HPRegen  0.17/turn              (no ring)
MPRegen  0.10/turn              (no ring)

@: lethally poisoned (0 -> -1), berserk cooldown, flying, very slightly
contaminated, slowed, invisible, very slow
A: no striking features
a: Bend Time, Temporal Distortion, Renounce Religion


You were on level 4 of the Dungeon.
You worshipped Cheibriados.
Cheibriados was most pleased with you.
You were not hungry.

You visited 1 branch of the dungeon, and saw 4 of its levels.

You collected 167 gold pieces.

Inventory:

Hand Weapons
 a - a +0 war axe (weapon)
Missiles
 q - 8 poisoned darts (quivered)
Armour
 b - a +0 scale mail (worn)
 c - a +0 shield (worn)
Jewellery
 p - an uncursed amulet of harm {unknown}
 r - an uncursed ring of protection from magic {unknown}
Scrolls
 g - 2 scrolls of fear {unknown}
 j - a scroll of blinking {unknown}
 k - 2 scrolls of teleportation {unknown}
 m - 2 scrolls of identify {unknown}
 n - a scroll of magic mapping {unknown}
Potions
 d - a potion of might
 e - a potion of mutation {unknown}
 h - a potion of flight
 o - a potion of degeneration
Comestibles
 f - 6 rations


   Skills:
 - Level 3.6 Fighting
 + Level 8.6 Axes
 - Level 3.3 Armour
 + Level 0.3 Stealth
 - Level 3.3 Shields


You had 5 spell levels left.
You didn't know any spells.
Your spell library was empty.

Dungeon Overview and Level Annotations

Branches:
Dungeon (4/15)
 Temple: D:4-7

Altars:
Cheibriados
Nemelex Xobeh
Zin


Message History

A red film seems to cover your vision as you go berserk!
Cheibriados protects you from inadvertent hurry.
You feel mighty!
You are too berserk!
You start resting.
You feel a strong urge to attack something.
You feel sick.
You start resting.
You feel your anger nearly subside.
You are no longer berserk.
You are exhausted.
You feel yourself slow down.
* * * LOW HITPOINT WARNING * * *
You feel sick.
There is a lethal amount of poison in your body!
There is a lethal amount of poison in your body!
There is a lethal amount of poison in your body!
You are too injured to fight recklessly!
* * * LOW HITPOINT WARNING * * *
You feel sick.
You die...

#. .. ... .# . .....
.###. ...# ###.#.. ...
.....##.# #.......
#...#..##.. #.......
#####..........
#......
.......@#)##..g##.....
####.##..##....##....
##..)..#..# ....
#...###...###.##
#.#..##......<.#
#.##..#........# ..
#..#........# .##
#.......รท..# ..
###........#


There were no monsters in sight!

Vanquished Creatures
  A howler monkey (D:4)
  2 centaur skeletons (D:4)
  Jessica (D:3)
  An orc wizard (D:3)
  3 gnolls (D:4)
  3 adders
  2 worms (D:2)
  6 dart slugs
  5 leopard geckos
  2 orcs (D:3)
  15 bats
  4 giant cockroaches
  9 goblins
  6 hobgoblins
  9 jackals
  A quokka (D:3)
  A ball python (D:3)
  2 frilled lizards (D:2)
  17 kobolds
  5 rats
95 creatures vanquished.

Notes
Turn   | Place    | Note
-------+----------+-------------------------------------------
     0 | D:1      | Delamore the Hill Orc Fighter began the quest for the Orb.
     0 | D:1      | Reached XP level 1. HP: 19/19 MP: 1/1
    57 | D:1      | Reached skill level 3 in Axes
   125 | D:1      | Reached XP level 2. HP: 26/26 MP: 2/2
   160 | D:1      | Reached skill level 4 in Axes
   275 | D:1      | Reached XP level 3. HP: 23/31 MP: 3/3
   458 | D:1      | Reached skill level 5 in Axes
   650 | D:1      | Found a sparkling altar of Nemelex Xobeh.
   752 | D:2      | Found a faded altar of an unknown god.
   767 | D:2      | Became a worshipper of Cheibriados the Contemplative
   767 | D:2      | Reached * piety under Cheibriados
   878 | D:2      | Reached XP level 4. HP: 39/39 MP: 4/4
  1036 | D:2      | Found a glowing silver altar of Zin.
  1221 | D:2      | Reached skill level 6 in Axes
  1269 | D:2      | Reached ** piety under Cheibriados
  1565 | D:3      | Reached XP level 5. HP: 45/45 MP: 5/5
  2074 | D:3      | Reached *** piety under Cheibriados
  2129 | D:3      | Noticed Jessica
  2142 | D:3      | Killed Jessica
  2142 | D:3      | Reached skill level 7 in Axes
  2460 | D:4      | Reached XP level 6. HP: 51/51 MP: 6/6
  2463 | D:4      | Reached skill level 8 in Axes
  2525 | D:4      | HP: 2/51 [poisoned by a gnoll]
  2531 | D:4      | HP: 1/51 [poisoned by a gnoll]
  2532 | D:4      | Succumbed to a gnoll's poison

Levels and vault maps discovered:
D:1:      eino_arrival_cavern_d, layout_basic, minmay_tree_intersection,
          minmay_strange_pillars, nemelex_altar_shiori
D:2:      layout_basic, zin_academy, chequers_ecumenical_altar_simple_redux,
          minmay_strange_pillars, minmay_unequal
D:3:      layout_basic, uniq_jessica
D:4:      layout_rooms, first_ration

Skill      XL: |  1  2  3  4  5  6 |
---------------+-------------------+-----
Axes           | 3 4 5 6 7 8 |  8.6
Fighting       | |  3.6
Armour         | |  3.3
Stealth        | |  0.3
Shields        | |  3.3

Action                   |  1- 3 |  4- 6 || total
-------------------------+-------+-------++-------
Melee: War axe           |   107 |   150 ||   257
  Use: Potion            |       |     4 ||     4
  Eat: Chunk             |       |     3 ||     3
Armor: Scale mail        |    56 |    64 ||   120
Dodge: Dodged            |    49 |    47 ||    96
Block: Shield            |    56 |    94 ||   150
